 Dungeon Crawl Stone Soup version 0.27.1-33-g824d729ab1 (webtiles) character file.

Game seed: 6027632543677930945

2692 Dadi the Thaumaturge (level 9, -7/62 HPs)
             Began as a Djinni Fire Elementalist on July 31, 2021.
             Was a Believer of Makhleb.
             Mangled by an ice beast (16 damage)
             ... on level 8 of the Dungeon on Dec 20, 2021.
             The game lasted 00:28:04 (8827 turns).

Dadi the Thaumaturge (Djinni Fire Elementalist)     Turns: 8827, Time: 00:28:04

Health: -7/62      AC:  4    Str:  9    XL:     9   Next: 96%
Gold:   220        EV: 16    Int: 20    God:    Makhleb [**....] SH:  0 Dex: 14

rFire    + + +     SeeInvis .   A - +3 whip "Baiwiah" {vorpal, MP+9 Str+2}
rCold    x x .     Faith    +   (no shield)
rNeg     . . .     Spirit   .   a - +0 robe
rPois    ∞         Reflect  .   (no helmet)
rElec    .         Harm     .   w - +1 cloak
rCorr    .         Rampage  .   (no gloves)
Will     .....                  (boots unavailable)
Stlth    ++........             h - amulet of faith
HPRegen  0.20/turn              e - ring of fire
MPRegen  0.00/turn              t - +4 ring of evasion

@: flying
A: sickness immunity, fire resistance 2, cold vulnerability 1, float, innate
caster, hp casting, extra vitality 1
a: Renounce Religion, Minor Destruction


You were on level 8 of the Dungeon.
You worshipped Makhleb.
Makhleb was pleased with you.
You visited 1 branch of the dungeon, and saw 8 of its levels.

You collected 220 gold pieces.

Inventory:

Hand Weapons
 k - a +0 morningstar
 z - a +2 dire flail of holy wrath
 A - the +3 whip "Baiwiah" (weapon) {vorpal, MP+9 Str+2}
   (You found it on level 6 of the Dungeon)

   It inflicts extra damage upon your enemies.
   Str:       It affects your strength (+2).
   MP:        It affects your magic capacity (+9).
Armour
 a - a +0 robe (worn)
 w - a +1 cloak (worn)
Jewellery
 e - a ring of fire (left hand)
 h - an amulet of faith (around neck)
 o - a ring of see invisible
 t - a +4 ring of evasion (right hand)
 B - a +6 ring of dexterity
Wands
 s - a wand of charming (8)
 v - a wand of iceblast (23)
 y - a wand of flame (15)
Scrolls
 b - a scroll of enchant weapon {unknown}
 d - 3 scrolls of immolation {unknown}
 f - 4 scrolls of noise {unknown}
 g - 8 scrolls of identify {unknown}
 j - 3 scrolls of amnesia {unknown}
 m - a scroll of fear {unknown}
 p - 2 scrolls of magic mapping {unknown}
 x - 2 scrolls of teleportation {unknown}
Potions
 c - a potion of might {unknown}
 i - 3 potions of heal wounds {unknown}
 l - a potion of brilliance {unknown}
 n - a potion of berserk rage {unknown}
 q - a potion of cancellation {unknown}
 r - a potion of attraction {unknown}
 u - a potion of mutation {unknown}
 C - a potion of curing {unknown}


   Skills:
 + Level 4.0 Fighting
 - Level 1.0 Maces & Flails
 - Level 2.1 Dodging
 - Level 1.5 Stealth
 + Level 9.6 Spellcasting


You had 2 spell levels left.
You knew the following spells:

 Your Spells              Type           Power      Damage    Failure   Level
a - Foxfire               Conj/Fire      100%       2x1d9     1%          1
b - Conjure Flame         Conj/Fire      64%        6-21      1%          3
c - Inner Flame           Hex/Fire       64%        N/A       1%          3
d - Sticky Flame          Conj/Fire      64%        2d8       1%          4
e - Fireball              Conj/Fire      32%        3d14      3%          5
f - Sting                 Tmut/Pois      100%       1d8       1%          1
g - Call Imp              Summ           48%        N/A       1%          2
h - Passwall              Tmut/Erth      40%        N/A       1%          2
i - Ice Form              Ice/Tmut       48%        N/A       1%          4
Your spell library was empty.

Dungeon Overview and Level Annotations

Branches:
Dungeon (8/15)             Temple (0/1) D:5
   Lair: D:8-11

Altars:
Cheibriados
Fedhas
Hepliaklqana
Kikubaaqudgha
Makhleb
Xom
Zin

Shops:
D:7 (

Annotations:
D:8 1 runed translucent door, GordonOverkill's ghost, novice PaMo


Innate Abilities, Weirdness & Mutations

You are immune to sickness and miasma.
You are immune to poison.
Your flesh is very heat resistant. (rF++)
You are vulnerable to cold. (rC-)
You float through the air rather than walking.
You learn spells naturally, not from books.
Your magical power is your life essence.
You have superior vitality. (+4 HP)


Message History

You are too injured to fight recklessly!
You are too injured to fight recklessly!
You are too injured to fight recklessly!
You are too injured to fight recklessly!
You are too injured to fight recklessly!
You are too injured to fight recklessly!
You are too injured to fight recklessly!
You are too injured to fight recklessly!
You are too injured to fight recklessly!
You are too injured to fight recklessly!
You are too injured to fight recklessly!
You are too injured to fight recklessly!
You are too injured to fight recklessly!
You are too injured to fight recklessly!
You are too injured to fight recklessly!
You are too injured to fight recklessly!
You are too injured to fight recklessly!
You are too injured to fight recklessly!
You are too injured to fight recklessly!
You are too injured to fight recklessly!
You are too injured to fight recklessly!
You are too injured to fight recklessly!
You closely miss the ice beast. The ice beast barely misses you.
Something hits you but does no damage.
You hit the ice beast.
The ice beast is lightly wounded.
The ice beast closely misses you. Something hits you but does no damage.
You hit the ice beast.
The ice beast is moderately wounded.
The ice beast hits you. The ice beast freezes you!
You feel a terrible chill!
* * * LOW HITPOINT WARNING * * *
A sky beast appears from thin air!
Reactivating autopickup.
The sky beast closely misses you.
You hit the ice beast but do no damage.
The ice beast is moderately wounded.
The ice beast hits you.
* * * LOW HITPOINT WARNING * * *
The ice beast freezes you!
You feel a terrible chill!
You die...

......# #.# #..#.##.#
......# #.###....(..#
#....#####.........###
).....................
##...#########.#...##
#....# #.#...##
♣#.##.# #...8..##
...##.# ##.Y.....#
♣####.# #..8@....# #.#
#....Y.>..# # #.#
##..8.....# # #.#
##.......# ## #.##
#[..8..## .# #..#
#.#...## ##PW#..#
#...... ##8(+..#
######.# ##P.#.##


You could see an ice beast and a sky beast.

Vanquished Creatures
  6 yaks (D:6)
  An orc warrior (D:6)
  2 sky beasts
  A necrophage (D:5)
  3 ogres
  3 scorpions
  4 wights (D:6)
  3 howler monkeys (D:7)
  A centaur zombie (D:6)
  3 hounds
  4 orc priests
  3 iguanas
  2 centaur skeletons (D:6)
  A scorpion zombie (D:5)
  Terence (D:2)
  A killer bee zombie (D:5)
  A hound zombie (D:5)
  Robin (D:4)
  8 gnolls
  7 adders
  2 shadow imps
  A white imp (D:8)
  An ufetubus (D:5)
  A worm (D:3)
  2 dart slugs
  14 orcs
  9 ball pythons
  4 endoplasms
  4 giant cockroaches
  16 goblins
  7 hobgoblins
  13 jackals
  5 quokkas
  7 bats
  4 frilled lizards
  7 kobolds
  7 rats
160 creatures vanquished.

Vanquished Creatures (collateral kills)
  An adder (D:3)
  2 orcs (D:3)
  3 jackals (D:3)
6 creatures vanquished.

Vanquished Creatures (others)
  554 foxfires
554 creatures vanquished.

Grand Total: 720 creatures vanquished

Notes
Turn   | Place    | Note
-------+----------+-------------------------------------------
     0 | D:1      | Dadi the Djinni Fire Elementalist began the quest for the
                  | Orb.
     0 | D:1      | Reached XP level 1. HP: 15/15 MP: 0/0
   171 | D:1      | Reached XP level 2. HP: 17/21 MP: 0/0
   373 | D:1      | Reached skill level 3 in Spellcasting
   457 | D:1      | Found a faded altar of an unknown god.
   485 | D:1      | Reached XP level 3. HP: 23/25 MP: 0/0
   485 | D:1      | Learned a level 1 spell: Sting
  1331 | D:2      | Reached XP level 4. HP: 22/31 MP: 0/0
  1506 | D:2      | Found a shimmering altar of Xom.
  1510 | D:2      | Noticed Terence
  1522 | D:2      | Killed Terence
  1766 | D:2      | Reached skill level 4 in Spellcasting
  1766 | D:2      | Noticed a scorpion
  1775 | D:2      | Killed a scorpion
  1776 | D:2      | Reached XP level 5. HP: 21/35 MP: 0/0
  1776 | D:2      | Learned a level 2 spell: Call Imp
  2606 | D:3      | Found a snail-covered altar of Cheibriados.
  2747 | D:3      | Reached XP level 6. HP: 36/40 MP: 0/0
  3197 | D:3      | Found a glowing silver altar of Zin.
  3214 | D:3      | Reached skill level 5 in Spellcasting
  3681 | D:4      | Found a blossoming altar of Fedhas.
  3809 | D:4      | Noticed Robin
  3824 | D:4      | Killed Robin
  4054 | D:4      | Reached skill level 1 in Fighting
  4395 | D:4      | Reached skill level 1 in Maces & Flails
  4439 | D:4      | Found a burning altar of Makhleb.
  4483 | D:4      | Became a worshipper of Makhleb the Destroyer
  4869 | D:5      | Entered Level 5 of the Dungeon
  4874 | D:5      | Reached XP level 7. HP: 42/47 MP: 0/0
  4874 | D:5      | Learned a level 2 spell: Passwall
  5381 | D:5      | Reached skill level 6 in Spellcasting
  5724 | D:5      | Reached XP level 8. HP: 40/54 MP: 0/0
  5731 | D:5      | Reached * piety under Makhleb
  6054 | D:5      | Found a staircase to the Ecumenical Temple.
  6194 | D:6      | Reached skill level 7 in Spellcasting
  6332 | D:6      | Identified the +3 whip "Baiwiah" {vorpal, MP+9 Str+2}
  6428 | D:6      | Noticed a yak
  6429 | D:6      | Noticed a yak
  6439 | D:6      | Noticed a yak
  6441 | D:6      | Killed a yak
  6441 | D:6      | Noticed a yak
  6442 | D:6      | Killed a yak
  6442 | D:6      | Noticed a yak
  6443 | D:6      | Killed a yak
  6444 | D:6      | Reached skill level 8 in Spellcasting
  6444 | D:6      | Reached XP level 9. HP: 32/61 MP: 0/0
  6444 | D:6      | Learned a level 4 spell: Ice Form
  7040 | D:6      | Reached ** piety under Makhleb
  7041 | D:6      | Reached skill level 9 in Spellcasting
  7663 | D:7      | Found Kereda's Antique Weapon Boutique.
  7672 | D:7      | Upgraded the game from 0.27.0-1-g7a089689b8 to 0.27.1
  7992 | D:7      | Found a hazy altar of Hepliaklqana.
  8628 | D:8      | Upgraded the game from 0.27.1 to 0.27.1-33-g824d729ab1
  8794 | D:8      | Found a runed translucent door.
  8798 | D:8      | Noticed GordonOverkill's ghost (novice PaMo)
  8827 | D:8      | Mangled by an ice beast

Illustrated notes

Levels and vault maps discovered:
D:1:      dpeg_arrival_castle, layout_basic, ebering_ecumenical_altar_hall
D:2:      layout_basic, basic_altar, hangedman_decor_lopped, uniq_terence
D:3:      layout_loops_ring, mainiacjoe_overflow_surrounded_room,
          mainiacjoe_overflow_alcove_1, grunt_ministairs_13
D:4:      layout_basic, mainiacjoe_overflow_small_starburst, lemuel_round_altar,
          uniq_robin
D:5:      layout_rooms, temple_green
D:6:      layout_rooms, kiku_gazebo_pond_becter, lemuel_old_faithful
D:7:      layout_loops_cross, nemelex_dance_club_becter,
          mainiacjoe_overflow_24_doors, serial_shops, shop_fountains,
          minmay_misc_feat_five
D:8:      layout_loops_corners, nicolae_uskayaw_murder_on_the_dancefloor,
          lair_entry_dummy, gammafunk_ghost_grave, grunt_ministairs_9,
          st_stairs_2, minmay_tree_intersection, kennysheep_another_room,
          kennysheep_cluttered_room, uniq_psyche

Skill      XL: |  1  2  3  4  5  6  7  8  9 |
---------------+----------------------------+-----
Spellcasting   | 3 4 5 6 8 9 |  9.6
Fighting       | 1 2 3 4 |  4.0
Maces & Flails | 1 |  1.0
Dodging        | |  2.1
Stealth        | |  1.5

Action                   |  1- 3 |  4- 6 |  7- 9 || total
-------------------------+-------+-------+-------++-------
Melee: Morningstar       |       |    24 |     4 ||    28
       Whip              |       |       |    63 ||    63
 Cast: Foxfire           |    47 |   131 |   162 ||   340
       Sting             |       |     2 |       ||     2
       Call Imp          |       |     7 |     2 ||     9
       Conjure Flame     |       |     1 |     9 ||    10
       Fireball          |       |       |    10 ||    10
       Sticky Flame      |       |       |     2 ||     2
  Use: Scroll            |       |       |     1 ||     1
 Stab: Sleeping          |       |     1 |     1 ||     2
Armor: Robe              |     1 |    10 |    27 ||    38
Dodge: Dodged            |    14 |    38 |    92 ||   144
